 Dungeon Crawl Stone Soup version 0.28.0-49-g6dfe1f597d (webtiles) character file.

Game seed: 2743972034368919944

106 Kniotic the Insei (level 4, -4/32 HPs)
             Began as a Demonspawn Transmuter on May 11, 2022.
             Slain by Menkaure (21 damage)
             ... on level 4 of the Dungeon.
             The game lasted 00:01:12 (2081 turns).

Kniotic the Insei (Demonspawn Transmuter)           Turns: 2081, Time: 00:01:13

Health: -4/32      AC:  2    Str: 11    XL:     4   Next: 55%
Magic:  6/7        EV: 12    Int: 14    God:
Gold:   102        SH:  0    Dex: 15    Spells: 6/7 levels left

rFire   . . .      SeeInvis .     - Unarmed
rCold   . . .      Faith    .   (no shield)
rNeg    . . .      Spirit   .   a - +0 robe
rPois   .          Reflect  .   (helmet currently unavailable)
rElec   .          Harm     .   (no cloak)
rCorr   .          Rampage  .   (no gloves)
Will    .....                   (boots currently unavailable)
Stlth   +.........              (no amulet)
HPRegen 0.10/turn               (no ring)
MPRegen 0.10/turn               (no ring)

@: appendages
A: horns 2, talons 2, foul stench 1
a: End Transformation


You were on level 4 of the Dungeon.
You had temporarily grown beastly horns and talons.
You visited 1 branch of the dungeon, and saw 3 of its levels.

You collected 102 gold pieces.

Inventory:

Armour
 a - a +0 robe (worn)
Scrolls
 c - 5 scrolls of identify {unknown}
 f - 2 scrolls of enchant weapon {unknown}
Potions
 b - a potion of attraction {unknown}
 d - a potion of cancellation {unknown}
 e - a potion of curing {unknown}


   Skills:
 - Level 1.0 Fighting
 - Level 1.7 Dodging
 * Level 4.3 Unarmed Combat
 - Level 2.0 Spellcasting
 + Level 2.8 Transmutations


You had 6 spell levels left.
You knew the following spells:

 Your Spells              Type           Power      Damage    Failure   Level
a - Beastly Appendage     Tmut           18%        N/A       8%          1

Your spell library contained the following spells:

 Spells                   Type           Power      Damage    Failure   Level
 Wereblood                Tmut           9%         N/A       11%         2
 Spider Form              Tmut/Pois      5%         N/A       36%         3
 Ice Form                 Ice/Tmut       5%         N/A       78%         4


Dungeon Overview and Level Annotations

Branches:
Dungeon (2/15)

Altars:

Shops:
D:1 :

Annotations:
D:4 Menkaure


Innate Abilities, Weirdness & Mutations

You have temporarily grown beastly horns and talons.
You may rarely emit foul miasma when damaged in melee.


Message History

The phantom is heavily damaged.
The phantom hits you but does no damage.
You closely miss the phantom. Your headbutt misses the phantom.
The phantom is heavily damaged.
You hit the phantom. Your kick misses the phantom.
The phantom is heavily damaged.
Your transformation is almost over.
The phantom barely misses you.
You barely miss the phantom. Your kick misses the phantom.
The phantom is heavily damaged.
The phantom hits you!
The phantom blinks!
You blink.
You hit the phantom. You claw the phantom.
The phantom is almost destroyed.
The phantom hits you.
You punch the phantom!
You destroy the phantom!
Your Unarmed Combat skill increases to level 4!
You have reached level 4!
You feel stronger.
You start resting.
Your horns disappear.
Your talons disappear.
Magic restored.
HP restored.
Menkaure, Prince of Dust comes into view.
Menkaure is nearby!
Menkaure is nearby!
Menkaure shouts!
Casting: Beastly Appendage (safe; 8% risk of failure)
Confirm with . or Enter, or press ? or * to list all spells.
You grow a pair of large bovine horns.
Your feet morph into talons.
Menkaure calls on the powers of darkness!
Your body is wracked with pain!
You hit Menkaure but do no damage. You claw Menkaure.
Your headbutt misses Menkaure.
Menkaure is moderately damaged.
You barely miss Menkaure. You claw Menkaure. Your headbutt misses Menkaure.
Menkaure is moderately damaged.
Menkaure hits you!!
Ouch! That really hurt!
You die...

.######..............
.............########
..#####.####.# #.#
#.# #.# #.# #.# #.#
#.# #.# #..#####.#
#.# #.....M@.# #.#
##.####### #.# #.#
..# ###


You could see Menkaure.

Vanquished Creatures
  A phantom (D:4)
  A dart slug (D:2)
  3 bats
  4 endoplasms
  A giant cockroach (D:2)
  2 goblins
  4 hobgoblins
  2 jackals (D:2)
  5 kobolds
  A quokka (D:1)
  3 ball pythons (D:1)
  2 rats (D:1)
29 creatures vanquished.

Notes
Turn   | Place    | Note
-------+----------+-------------------------------------------
     0 | D:1      | Kniotic the Demonspawn Transmuter began the quest for the
                  | Orb.
     0 | D:1      | Reached XP level 1. HP: 15/15 MP: 3/3
   133 | D:1      | Found Pohigix's Book Shop.
   327 | D:1      | Reached skill level 3 in Unarmed Combat
   358 | D:1      | Gained mutation: You may rarely emit foul miasma when
                  | damaged in melee. [demonic ancestry]
   358 | D:1      | Reached XP level 2. HP: 18/21 MP: 5/5
  1512 | D:2      | Reached XP level 3. HP: 14/26 MP: 6/6
  1907 | D:2      | You fall into a shaft and drop 2 floors!
  1907 | D:4      | Noticed a phantom
  1916 | D:4      | Killed a phantom
  1917 | D:4      | Reached skill level 4 in Unarmed Combat
  1917 | D:4      | Reached XP level 4. HP: 17/32 MP: 5/7
  2077 | D:4      | Noticed Menkaure
  2081 | D:4      | Slain by Menkaure

Illustrated notes

Levels and vault maps discovered:
D:1:      minmay_arrival_widening_spiral_wide, layout_loops_ring, serial_shops,
          shop
D:2:      layout_rooms, minmay_between
D:4:      layout_loops_ring, temple_fountains, minmay_shop_grid_forest,
          uniq_menkaure, uniq_grinder

Skill      XL: |  1  2  3 |
---------------+----------+-----
Unarmed Combat | 3 4 |  4.3
Transmutations | 2 |  2.8
Fighting       | |  1.0
Dodging        | |  1.7
Spellcasting   | |  2.0

Action                   |  1- 3 |  4- 6 || total
-------------------------+-------+-------++-------
Melee: Unarmed           |   105 |     2 ||   107
       Punch             |     3 |       ||     3
       Kick              |     3 |     2 ||     5
 Cast: Beastly Appendage |     1 |     1 ||     2
 Stab: Sleeping          |     1 |       ||     1
Armor: Robe              |    20 |       ||    20
Dodge: Dodged            |    73 |       ||    73
